 Seeded DCSS version 0.29-a0-1016-g236c7fd91e (webtiles) character file.

Game seed: 7342366568254797479 (custom seed)

932 flotson the Trooper (level 7, -1/55 HPs)
             Began as a Demonspawn Delver on Aug 9, 2022.
             Was an Initiate of Gozag.
             Slain by Duvessa
             ... wielding a +0 short sword
              (9 damage)
             ... on level 4 of the Dungeon.
             The game lasted 00:08:05 (5213 turns).

flotson the Trooper (Demonspawn Delver)             Turns: 5213, Time: 00:08:06

Health: -1/55      AC: 10    Str: 14    XL:     7   Next: 86%
Magic:  7/7        EV: 14    Int: 12    God:    Gozag
Gold:   509        SH:  0    Dex: 14    Spells: 6/6 levels left

rFire   . . .      SeeInvis .   a - +1 whip (elec)
rCold   + . .      Faith    .   (no shield)
rNeg    . . .      Spirit   .   i - +0 scale mail
rPois   +          Reflect  .   (no helmet)
rElec   .          Harm     .   o - +1 cloak {rPois}
rCorr   .          Rampage  .   (no gloves)
Will    .....                   u - +0 pair of boots
Stlth   +.........              (no amulet)
HPRegen 0.18/turn               q - ring of protection from cold
MPRegen 0.10/turn               t - +4 ring of evasion

@: no status effects
A: powered by pain 2, weakness stinger 2
a: Renounce Religion, Potion Petition, Call Merchant, Bribe Branch


You were on level 4 of the Dungeon.
You worshipped Gozag.
Gozag was pleased with you.
You visited 2 branches of the dungeon, and saw 7 of its levels.

You collected 592 gold pieces.
You paid 83 gold pieces to Gozag.

Inventory:

Hand Weapons
 a - a +1 whip of electrocution (weapon)
 b - the +8 sling of Drought {freeze, Will+ Stlth+}
   (You found it on level 4 of the Dungeon)

   Any ammunition fired from it freezes those it strikes, dealing additional
   cold damage.
   It can also slow down cold-blooded creatures.
   Will:      It increases your willpower.
   Stlth:     It makes you more stealthy.
 c - a +0 trident
Missiles
 z - 4 poisoned darts (quivered)
 C - 2 javelins
Armour
 e - a +0 leather armour
 i - a +0 scale mail (worn)
 o - a +1 cloak of poison resistance (worn)
 u - a +0 pair of boots (worn)
Jewellery
 q - a ring of protection from cold (left hand)
 t - a +4 ring of evasion (right hand)
 B - a ring of magical power
 F - a +6 ring of dexterity
Wands
 g - a wand of digging (2)
 v - a wand of flame (34)
 w - a wand of iceblast (4)
Scrolls
 d - 4 scrolls of magic mapping
 f - 7 scrolls of identify {unknown}
 l - 2 scrolls of brand weapon {unknown}
 r - a scroll of summoning {unknown}
 x - a scroll of noise {unknown}
 A - a scroll of immolation {unknown}
 D - 3 scrolls of fog
 E - a scroll of poison {unknown}
Potions
 j - 5 potions of brilliance {unknown}
 k - 2 potions of degeneration {unknown}
 m - a potion of haste
 n - 2 potions of lignification {unknown}
 p - 2 potions of attraction {unknown}
 s - 3 potions of invisibility {unknown}


   Skills:
 + Level 4.8 Fighting
 - Level 1.7 Polearms
 * Level 4.2 Ranged Weapons
 + Level 1.1 Throwing
 + Level 2.9 Armour
 + Level 3.7 Dodging
 - Level 4.5 Stealth
 + Level 3.5 Evocations


You had 6 spell levels left.
You didn't know any spells.
Your spell library contained the following spells:

 Spells                   Type           Power      Damage    Failure   Level
 Blink                    Tloc           0%         N/A       90%         2
 Conjure Flame            Conj/Fire      0%         6-21      99%         3
 Frozen Ramparts          Ice            0%         1d1       99%         3
 Ignite Poison            Fire/Tmut/Pois 0%         N/A       99%         3
 Ice Form                 Ice/Tmut       0%         N/A       100%        4
 Sticky Flame             Conj/Fire      0%         2d3       100%        4
 Summon Ice Beast         Ice/Summ       0%         N/A       100%        4
 Manifold Assault         Tloc           0%         N/A       100%        5
 Storm Form               Tmut/Air       0%         N/A       100%        7


Dungeon Overview and Level Annotations

Branches:
Dungeon (6/15)             Temple (1/1) D:5

Altars:
Ashenzari
Cheibriados
Gozag
Hepliaklqana
Kikubaaqudgha
Nemelex Xobeh
Okawaru
Ru
Sif Muna
Uskayaw
Xom

Annotations:
D:4 Dowan, Duvessa
Temple 4 transporters


Innate Abilities, Weirdness & Mutations

You sometimes gain power by taking damage.
You have a tail ending in a sharp stinger.


Message History

Dowan blinks!
Cornered, Duvessa turns to fight!
Dowan gestures wildly while chanting.
Dowan blinks!
Dowan gestures wildly while chanting.
Dowan blinks!
Dowan gestures wildly while chanting.
Dowan blinks!
Dowan casts a spell.
Dowan blinks!
Dowan gestures wildly while chanting.
Dowan blinks!
Dowan gestures wildly while chanting.
Dowan blinks!
Dowan gestures wildly while chanting.
Dowan blinks!
Dowan gestures wildly while chanting.
Dowan blinks!
Dowan gestures wildly while chanting.
Dowan blinks!
Dowan cries in horror.
Dowan casts a spell.
Dowan blinks!
There is an escape hatch in the floor here.
Duvessa attacks as you move away! Duvessa hits you but does no damage.
Okay, then.
Unknown command.
Aiming: Iceblast
Press: ? - help, Shift-Dir - straight line, p - Duvessa The mass of ice explodes!
The iceblast engulfs Duvessa!
Duvessa is severely wounded.
Duvessa hits you but does no damage. Duvessa hits you with a +0 short sword.
* * * LOW HITPOINT WARNING * * *
Aiming: Iceblast
Press: ? - help, Shift-Dir - straight line The mass of ice explodes!
The iceblast engulfs Duvessa!
Duvessa is almost dead.
Duvessa hits you with a +0 short sword!
You die...
Your body crumbles into a pile of gold.

###### #.####### #....#
#.......# #....# ##
#.......# #....# #.
#.......# #....# #.
#.......# ###....####.
#.......# #.'....'..#.
#....<..###.#...)##.#. #
#....@...##.....)<#.#.
#.##.###e...##########.#.
#......'.......#######.#.
#####.###..>.....[........
#.....# #....##.#######.#.
###.#.# #....##.#####.....
#.#.# #....##.......#...
#.#####....#######....##
#....('....+.^...'....'.


You could see Duvessa (fast, strong).

Vanquished Creatures
  Sigmund (D:4)
  A water moccasin (D:4)
  2 ogres
  A phantom (D:4)
  A hound (D:5)
  3 orc priests
  2 iguanas
  Terence (D:2)
  7 gnolls
  6 adders
  2 worms
  4 dart slugs
  18 orcs
  11 endoplasms
  3 giant cockroaches
  5 goblins
  5 hobgoblins
  3 quokkas
  6 ball pythons
  3 bats
  4 frilled lizards
  8 kobolds
  4 rats
  A spectral hobgoblin (D:2)
102 creatures vanquished.

Notes
Turn   | Place    | Note
-------+----------+-------------------------------------------
     0 | D:5      | flotson the Demonspawn Delver began the quest for the Orb.
     0 | D:5      | Reached XP level 1. HP: 18/18 MP: 1/1
     1 | D:5      | Found a staircase to the Ecumenical Temple.
    10 | Temple   | Entered the Ecumenical Temple
    10 | Temple   | Found a transporter.
    10 | Temple   | Found a transporter.
    75 | D:5      | Noticed a hound
   107 | D:5      | Killed a hound
   108 | D:5      | Reached skill level 1 in Armour
   108 | D:5      | Reached skill level 1 in Evocations
   108 | D:5      | Gained mutation: You have a small tail. [demonic ancestry]
   108 | D:5      | Reached XP level 2. HP: 4/24 MP: 2/2
   108 | D:5      | Gained mutation: You sometimes gain a little power by
                  | taking damage. [demonic ancestry]
   108 | D:5      | Reached XP level 3. HP: 4/29 MP: 3/3
   126 | D:4      | Identified the +8 sling of Drought {freeze, Will+ Stlth+}
   454 | D:4      | Noticed a water moccasin
   564 | D:4      | Reached skill level 1 in Ranged Weapons
   568 | D:4      | Noticed a phantom
   582 | D:4      | Killed a phantom
   583 | D:4      | Reached XP level 4. HP: 17/36 MP: 4/4
   583 | D:4      | Gained mutation: You have a tail ending in a sharp stinger.
                  | [demonic ancestry]
   583 | D:4      | Reached XP level 5. HP: 20/41 MP: 5/5
   767 | D:4      | Noticed Duvessa
   807 | D:4      | Killed a water moccasin
  1065 | D:3      | Found a sacrificial altar of Ru.
  1154 | D:4      | Reached XP level 6. HP: 32/48 MP: 6/6
  2607 | Temple   | Found a transporter.
  2607 | Temple   | Found a transporter.
  2623 | Temple   | Became a worshipper of Gozag Ym Sagoz the Greedy
  2710 | D:5      | Gained mutation: You sometimes gain power by taking damage.
                  | [demonic ancestry]
  2710 | D:5      | Reached XP level 7. HP: 47/55 MP: 7/7
  3382 | D:2      | Noticed Terence
  3395 | D:2      | Killed Terence
  3720 | D:2      | Found a faded altar of an unknown god.
  4164 | D:3      | You fall into a shaft and drop 3 floors!
  4181 | D:5      | Found a broken altar of Ashenzari.
  4589 | D:4      | Noticed a +0 dagger
  4589 | D:4      | Noticed a +0 hand axe
  4589 | D:4      | Found a hide-covered altar of Uskayaw.
  4771 | D:4      | Noticed Sigmund
  4774 | D:4      | Killed Sigmund
  4800 | D:4      | Reached skill level 1 in Throwing
  5034 | D:4      | Found a snail-covered altar of Cheibriados.
  5184 | D:4      | Noticed Dowan
  5213 | D:4      | Slain by Duvessa

Illustrated notes

Levels and vault maps discovered:
D:1:      onia_arrival_handbag, layout_basic, kennysheep_crisscross
D:2:      layout_basic, dreamdust_ecumenical_altar_drowned_temple, uniq_terence
D:3:      layout_basic, old_standard_altar, corexii_hall_statues_u
D:4:      layout_basic, dancing_weapons_uskayaw, slow_altar_2, uniq_sigmund,
          uniq_duvessa
D:5:      layout_loops_corners, evilmike_ruin_ashenzari,
          minmay_temple_entry_statues_fountains
D:6:      layout_cave_pools, mainiacjoe_overflow_alcove_1,
          mainiacjoe_overflow_six_doors_small, ebering_ghost_disaster_area,
          chequers_serial_rivers_room_a
Temple:   hellmonk_temple_divided_pantheon

Skill      XL: |  1  2  3  4  5  6  7 |
---------------+----------------------+-----
Armour         | 1 2 |  2.9
Dodging        | 2 3 |  3.7
Evocations     | 1 2 3 |  3.5
Ranged Weapons | 1 2 3 4 |  4.2
Fighting       | 4 |  4.8
Throwing       | 1 |  1.1
Polearms       | |  1.7
Stealth        | |  4.5

Action                   |  1- 3 |  4- 6 |  7- 9 || total
-------------------------+-------+-------+-------++-------
Melee: Spear             |    24 |       |       ||    24
       Tailslap          |     1 |       |       ||     1
       Whip              |       |       |     1 ||     1
 Fire: Sling             |    26 |   105 |   107 ||   238
Throw: Dart              |       |       |     2 ||     2
       Throwing net      |       |       |     1 ||     1
Evoke: Wand              |     1 |       |     2 ||     3
  Use: Potion            |     1 |       |       ||     1
       Scroll            |     1 |       |     1 ||     2
Armor: Leather armour    |     7 |    17 |       ||    24
       Scale mail        |       |     7 |    16 ||    23
Dodge: Dodged            |    16 |    66 |    20 ||   102

Table legend: (Time is in decaauts)
 A = Elapsed time spent in this place.
 B = Non-inter-level travel time spent in this place.
 C = Inter-level travel time spent in this place.
 D = Time resting spent in this place.
 E = Time spent auto-exploring this place.
 F = Levels seen in this place.
 G = Mean time per level.
                   A        B        C        D        E       F      G
               +--------+--------+--------+--------+--------+-----+--------+
         Total |   5310 |   4842 |    468 |    518 |   3548 |   7 |  758.6 |
       Dungeon |   5270 |   4823 |    447 |    518 |   3548 |   6 |  878.3 |
        Temple |     39 |     19 |     20 |      0 |      0 |   1 |   39.0 |
               +--------+--------+--------+--------+--------+-----+--------+

Top non-repeatable levels by time:
     D:4: 2434 daAuts
     D:1: 849 daAuts
     D:2: 772 daAuts
     D:3: 751 daAuts
     D:5: 454 daAuts
  Temple: 39 daAuts
     D:6: 7 daAuts
